 Dungeon Crawl Stone Soup version 0.30-a0-782-ge64f9170bb (webtiles) character file.

Game seed: 6811997617339644229

42 theswoord the Twirler (level 3, -1/27 HPs)
             Began as a Demonspawn Gladiator on Mar 13, 2023.
             Slain by a worm (9 damage)
             ... on level 2 of the Dungeon.
             The game lasted 00:01:35 (1029 turns).

theswoord the Twirler (Demonspawn Gladiator)        Turns: 1029, Time: 00:01:35

Health: -1/27      AC:  3    Str: 16    XL:     3   Next: 35%
Magic:  3/3        EV: 12    Int:  9    God:
Gold:   593        SH:  0    Dex: 14    Spells: 2/2 levels left

rFire   . . .      SeeInvis .    a - +0 quarterstaff
rCold   . . .      Faith    .    (shield currently unavailable)
rNeg    . . .      Spirit   .    b - +0 leather armour
rPois   .          Reflect  .    (helmet restricted)
rElec   .          Harm     .    (no cloak)
rCorr   .          Rampage  .    (no gloves)
Will    .....                    (no boots)
Stlth   +                        (no amulet)
HPRegen 0.24/turn                (no ring)
MPRegen 0.08/turn                (no ring)

@: no status effects
A: antennae 1, foul stench 1
a: no special abilities


You were on level 2 of the Dungeon.
You visited 1 branch of the dungeon, and saw 2 of its levels.

You collected 593 gold pieces.

Inventory:

Hand Weapons
 a - a +0 quarterstaff (weapon)
Missiles
 d - 3 throwing nets (quivered)
 e - a javelin
Armour
 b - a +0 leather armour (worn)
 c - a +0 helmet
Jewellery
 g - a ring of positive energy
Scrolls
 j - 2 scrolls of fear
 k - a scroll of identify
Potions
 f - 2 potions of attraction
 h - 2 potions of heal wounds
 i - a potion of curing {unknown}


   Skills:
 - Level 2.0 Fighting
 + Level 4.1 Staves
 - Level 1.7 Throwing
 - Level 2.6 Dodging


You had 2 spell levels left.
You didn't know any spells.
Your spell library was empty.

Dungeon Overview and Level Annotations

Branches:
Dungeon (2/15)

Altars:


Innate Abilities, Weirdness & Mutations

You have a pair of small antennae on your head.
You may rarely emit foul miasma when damaged in melee.


Message History

You hit the jackal.
The jackal bites you but does no damage.
The jackal barely misses you.
You sock the jackal!
You kill the jackal!
The jackal bites you. The jackal closely misses you. The jackal bites you.
You barely miss the jackal. The jackal closely misses you.
The jackal bites you. The jackal closely misses you.
You sock the jackal!
You kill the jackal!
The jackal closely misses you. x2
You hit the jackal but do no damage. The jackal closely misses you. x2
The jackal misses you.
The jackal bites you but does no damage.
You barely miss the jackal. The jackal barely misses you. The jackal bites you.
You hit the jackal. The jackal closely misses you. The jackal bites you.
The jackal misses you. x2
You hit the jackal.
You kill the jackal!
The jackal bites you.
You closely miss the jackal.
The jackal stops to sniff the ground.
The jackal barely misses you. The jackal closely misses you.
You closely miss the jackal. The jackal misses you.
You sock the jackal!
You kill the jackal!
No target in view!
No target in view!
A worm comes into view.
Found a scroll labelled COQAME GAGIGG.
A worm is nearby!
A worm is nearby!
A rat comes into view.
You see here a lumpy dark potion.
The worm bites you!
You hit the worm. You hit the worm but do no damage. The worm bites you!
* * * LOW HITPOINT WARNING * * *
You hit the worm but do no damage. The worm bites you!
You die...

##....†##.######
#. ..........#
#. .#....†#..#
#. #.....#..# #.
###.###..# #. #.
##..# #.
#.##...### #.
#....!...# #.
####.@.#.#
##w##.# #r# #
#?# #.# ... ..#
###


You could see a worm and a rat.

Vanquished Creatures
  5 ball pythons (D:1)
  2 bats (D:1)
  3 endoplasms (D:1)
  3 giant cockroaches (D:1)
  2 goblins (D:1)
  3 hobgoblins (D:1)
  10 jackals (D:2)
  2 kobolds (D:1)
  A quokka (D:1)
  A frilled lizard (D:1)
  2 rats (D:1)
34 creatures vanquished.

Notes
Turn   | Place    | Note
-------+----------+-------------------------------------------
     0 | D:1      | theswoord the Demonspawn Gladiator began the quest for the
                  | Orb.
     0 | D:1      | Reached XP level 1. HP: 16/16 MP: 1/1
    97 | D:1      | Reached skill level 3 in Staves
   155 | D:1      | Identified a scroll of acquirement
   155 | D:1      | Acquired 518 gold pieces
   172 | D:1      | Gained mutation: You have a pair of small antennae on your
                  | head. [demonic ancestry]
   172 | D:1      | Reached XP level 2. HP: 22/22 MP: 2/2
   685 | D:1      | Gained mutation: You may rarely emit foul miasma when
                  | damaged in melee. [demonic ancestry]
   685 | D:1      | Reached XP level 3. HP: 27/27 MP: 3/3
   876 | D:2      | Reached skill level 4 in Staves
  1029 | D:2      | Slain by a worm

Skill      XL: |  1  2  3 |
---------------+----------+-----
Staves         | 3 4 |  4.1
Fighting       | |  2.0
Throwing       | |  1.7
Dodging        | |  2.6

Action                     || total
---------------------------++-------
  Melee: Quarterstaff      ||    97
    Use: Scroll            ||     6
   Stab: Sleeping          ||     1
 Armour: Leather armour    ||    24
  Dodge: Dodged            ||    74

Levels and vault maps discovered:
D:1:      sevenhm_arrival_forest_fort_small_6, layout_loops_ring, st_stairs_5
D:2:      layout_loops_ring, uniq_crazy_yiuf_cottage
